 Dungeon Crawl Stone Soup version 0.32-a0-898-g7811c86cf0 (webtiles) character file.

Game seed: 10972366682073274457

795 Autsider the Chiller (level 7, -1/54 HPs)
             Began as a Merfolk Ice Elementalist on Apr 4, 2024.
             Slain by a gnoll
             ... wielding a +0 spear
              (2 damage)
             ... on level 5 of the Dungeon.
             The game lasted 00:16:19 (4553 turns).

Autsider the Chiller (Merfolk Ice Elementalist)     Turns: 4553, Time: 00:16:19

Health: -1/54      AC:  9    Str:  8    XL:     7   Next: 89%
Magic:  0/11       EV: 13    Int: 16    God:
Gold:   266        SH:  0    Dex: 15    Spells: 2/12 levels left

rFire   . . .        v - +1 spear (pain)
rCold   . . .        (no shield)
rNeg    + . .        a - +0 robe
rPois   +            (no helmet)
rElec   .            g - +0 cloak
rCorr   .            (no gloves)
SInv    .            (no boots)
Will    .....        (no amulet)
Stlth   ++           p - ring of positive energy
HPRegen 0.29/turn    q - ring of poison resistance
MPRegen 0.12/turn

%: no passive effects
@: ice-armoured
A: (nimble swimmer 2), mertail
a: no special abilities


You were on level 5 of the Dungeon.
You visited 2 branches of the dungeon, and saw 6 of its levels.

You collected 266 gold pieces.

Inventory:

Hand Weapons
 v - a +1 spear of pain (weapon)
Missiles
 d - 62 stones
 l - 2 throwing nets
Armour
 a - a +0 robe (worn)
 g - a +0 cloak (worn)
Jewellery
 p - a ring of positive energy (left hand)
 q - a ring of poison resistance (right hand)
 t - a ring of protection from fire
Wands
 m - a wand of quicksilver (10)
 o - a wand of flame (14)
Scrolls
 b - a scroll of poison {unknown}
 c - 2 scrolls of blinking
 e - a scroll of identify {@r1}
 f - a scroll of butterflies {unknown}
 h - 2 scrolls of fog {unknown}
 k - a scroll of vulnerability {unknown}
 w - a scroll of enchant weapon {unknown}
Potions
 i - a potion of invisibility {unknown}
 n - a potion of heal wounds {@q2}
 r - 2 potions of might
 s - a potion of attraction {unknown}
 u - a potion of haste {unknown}
 x - a potion of mutation {unknown}


   Skills:
 - Level 4.0 Fighting
 - Level 4.0 Polearms
 + Level 5.8 Dodging
 - Level 2.1 Stealth
 - Level 3.0 Spellcasting
 - Level 3.0 Summonings
 - Level 6.0 Ice Magic


You had 2 spell levels left.
You knew the following spells:

 Your Spells              Type           Power      Damage    Failure   Level
a - Freeze                Ice            84%        1d9       1%          1
b - Frozen Ramparts       Ice            42%        1d7       4%          3
c - Ozocubu's Armour      Ice            21%        N/A       4%          3
A - Summon Ice Beast      Ice/Summ       16%        N/A       9%          3

Your spell library contained the following spells:

 Spells                   Type           Power      Damage    Failure   Level
 Necrotise                Necr           8%         1d4       19%         1
 Shock                    Conj/Air       8%         1d3       19%         1
 Blink                    Tloc           4%         N/A       28%         2
 Lesser Beckoning         Tloc           4%         N/A       28%         2
 Momentum Strike          Conj/Tloc      4%         3d8       28%         2
 Swiftness                Air            2%         N/A       50%         3
 Vampiric Draining        Necr           2%         2d6       50%         3
 Martyr's Knell           Necr/Summ      7%         N/A       69%         4
 Airstrike                Air            1%         2d(1-17)  88%         4
 Curse of Agony           Necr           2%         N/A       99%         5


Dungeon Overview and Level Annotations

Branches:
Dungeon (5/15)             Temple (1/1) D:4

Altars:
Ashenzari
Cheibriados
Elyvilon
Fedhas
Hepliaklqana
Kikubaaqudgha
Makhleb
Okawaru
Ru
Vehumet
Wu Jian
Zin
The Shining One

Annotations:
D:4 exclusion: 3 downstairs
D:5 Dowan, Duvessa, Eustachio, Ijyb, Menkaure, Pikel


Innate Abilities, Weirdness & Mutations

((You are very nimble when in or above water. (Stealth+, EV+, Speed+++)))
Your lower body shifts to a powerful aquatic tail in water.


Message History

Training target 4.0 for Polearms reached!
Your Fighting skill increases to level 4!
Your Polearms skill increases to level 4!
Your Dodging skill increases to level 5!
Casting: Freeze (safe; 1% risk of failure)
Confirm with . or Enter, or press ? or * to list all spells.
You don't have enough magic to cast this spell.
Casting: Freeze (safe; 1% risk of failure)
Confirm with . or Enter, or press ? or * to list all spells.
You don't have enough magic to cast this spell.
Casting: Freeze (safe; 1% risk of failure)
Confirm with . or Enter, or press ? or * to list all spells.
You don't have enough magic to cast this spell.
Unknown command.
Unknown command.
Reach: v) +1 spear (pain)
Press: ? - help, Dir - move target, f - Pikel
Aim: Pikel, wielding a +0 whip of freezing, wearing a +0 robe and carrying a wand of paralysis (about 40% to evade your +1 spear of pain)
You closely miss Pikel. The gnoll hits you but does no damage.
The orc hits you but does no damage. The gnoll closely misses you.
Pikel barely misses you.
Reach: v) +1 spear (pain)
Press: ? - help, Dir - move target, f/p - Pikel
Aim: Pikel, wielding a +0 whip of freezing, wearing a +0 robe and carrying a wand of paralysis (about 40% to evade your +1 spear of pain)
You hit Pikel.
Pikel is lightly wounded.
The orc hits you but does no damage. The gnoll misses you.
The gnoll barely misses you. Pikel hits you but does no damage.
Reach: v) +1 spear (pain)
Press: ? - help, Dir - move target, f/p - Pikel
Aim: Pikel, wielding a +0 whip of freezing, wearing a +0 robe and carrying a wand of paralysis (lightly wounded, about 40% to evade your +1 spear of pain)
You hit Pikel.
Pikel is lightly wounded.
The gnoll closely misses you.
Pikel hits you with a +0 whip of freezing.
* * * LOW HITPOINT WARNING * * *
Pikel freezes you.
* * * LOW HITPOINT WARNING * * *
The gnoll hits you from afar with a +0 spear.
You die...

.......g#..##.#...#..#####
5....##...........#.......
.........o..............
..............<.##.....#
........#...#..###....##
....5..##......###.....#
.....5g.........##..#...
.....5K##g.........###..
.#..@o....##...##.#..
##.#)######......... #####
#..<...... ##.......#
##......# ##..#### ####


You could see Pikel, 3 lemures, 2 gnolls and an orc.

Vanquished Creatures
  An orc warrior (D:5)
  An ogre (D:4)
  A lemure (D:4)
  A scorpion (D:4)
  4 bombardier beetles
  2 hounds
  A jelly (D:5)
  2 orc priests
  An orc wizard (D:4)
  A sleepcap (D:4)
  A gnoll (D:5)
  9 adders
  A shadow imp (D:5)
  A white imp (D:5)
  4 dart slugs
  16 orcs
  2 ball pythons (D:1)
  7 bats
  8 endoplasms
  2 giant cockroaches
  7 goblins
  3 hobgoblins
  4 jackals (D:4)
  10 kobolds
  2 quokkas
  8 frilled lizards
  7 rats
107 creatures vanquished.

Notes
Turn   | Place    | Note
-------+----------+-------------------------------------------
     0 | D:1      | Autsider the Merfolk Ice Elementalist began the quest for
                  | the Orb.
     0 | D:1      | Reached XP level 1. HP: 13/13 MP: 3/3
   156 | D:1      | Reached XP level 2. HP: 20/20 MP: 5/5
   381 | D:1      | Reached skill level 1 in Fighting
   495 | D:1      | Reached XP level 3. HP: 22/26 MP: 4/6
   500 | D:1      | Learned a level 3 spell: Summon Ice Beast
   719 | D:1      | Reached skill level 5 in Ice Magic
  1098 | D:2      | Reached skill level 1 in Summonings
  1328 | D:2      | Reached XP level 4. HP: 33/33 MP: 4/7
  1468 | D:2      | Learned a level 3 spell: Frozen Ramparts
  2499 | D:3      | Reached XP level 5. HP: 38/38 MP: 5/9
  2895 | D:4      | Found an ornate altar of the Wu Jian Council.
  3014 | D:4      | Found a staircase to the Ecumenical Temple.
  3020 | Temple   | Entered the Ecumenical Temple
  3070 | D:4      | Reached skill level 1 in Polearms
  3114 | D:4      | Reached XP level 6. HP: 46/46 MP: 6/10
  3431 | D:4      | Learned a level 3 spell: Ozocubu's Armour
  3454 | D:4      | Reached XP level 7. HP: 45/52 MP: 6/11
  3533 | D:4      | Found a sacrificial altar of Ru.
  3953 | D:5      | Entered Level 5 of the Dungeon
  3954 | D:5      | Noticed Pikel
  3984 | D:5      | Noticed Menkaure
  4081 | D:5      | Found a glowing silver altar of Zin.
  4081 | D:5      | Found a burning altar of Makhleb.
  4234 | D:5      | Reached skill level 6 in Ice Magic
  4308 | D:5      | Noticed Duvessa
  4314 | D:5      | Noticed Eustachio
  4343 | D:5      | Noticed Dowan
  4345 | D:5      | Noticed Ijyb
  4540 | D:5      | Paralysed by Pikel for 4 turns
  4551 | D:5      | Reached skill level 5 in Dodging
  4553 | D:5      | HP: 2/54 [Pikel/+0 whip of freezing (4)]
  4553 | D:5      | Slain by a gnoll

Illustrated notes

Levels and vault maps discovered:
D:1:      saegor_arrival_under_anarchy, layout_basic, minivault_25,
          chequers_serial_rivers_micro_c
D:2:      layout_basic, minmay_pentomino_t4
D:3:      layout_loops_ring
D:4:      layout_rooms, lemuel_tele_altar, nicolae_ru_path_of_blood,
          minmay_temple_entry_overgrown
D:5:      layout_cave_pools, grunt_temple_overflow_order_and_chaos_2,
          nicolae_yredelemnul_corpse_copse, hangedman_decor_riveting,
          sigmund_edmund_badplayer, uniq_pikel, uniq_duvessa, uniq_eustachio,
          uniq_menkaure, uniq_ijyb
Temple:   jpeg_temple_island

Skill      XL: |  1  2  3  4  5  6  7 |
---------------+----------------------+-----
Fighting       | 1 2 3 4 |  4.0
Ice Magic      | 5 6 |  6.0
Summonings     | 1 2 3 |  3.0
Spellcasting   | 3 |  3.0
Polearms       | 1 2 4 |  4.0
Dodging        | 3 4 5 |  5.8
Stealth        | |  2.1

Action                     |  1- 3 |  4- 6 |  7- 9 || total
---------------------------+-------+-------+-------++-------
  Melee: Short sword       |    39 |     1 |       ||    40
         Spear             |       |    56 |    35 ||    91
   Cast: Freeze            |    47 |    61 |    20 ||   128
         Frozen Ramparts   |       |     7 |     8 ||    15
         Ozocubu's Armour  |       |       |     4 ||     4
         Summon Ice Beast  |       |       |     1 ||     1
    Use: Scroll            |       |     1 |     5 ||     6
         Potion            |       |     1 |     1 ||     2
   Stab: Sleeping          |     2 |     3 |       ||     5
 Armour: Robe              |    37 |    48 |    69 ||   154
  Dodge: Dodged            |    42 |    52 |    71 ||   165

Table legend: (Time is in decaauts)
 A = Elapsed time spent in this place.
 B = Non-inter-level travel time spent in this place.
 C = Inter-level travel time spent in this place.
 D = Time resting spent in this place.
 E = Time spent auto-exploring this place.
 F = Levels seen in this place.
 G = Mean time per level.
                   A        B        C        D        E       F      G
               +--------+--------+--------+--------+--------+-----+--------+
         Total |   4551 |   4378 |    173 |    402 |   3106 |   6 |  758.5 |
       Dungeon |   4549 |   4377 |    172 |    402 |   3106 |   5 |  909.8 |
        Temple |      1 |      0 |      1 |      0 |      0 |   1 |    1.0 |
               +--------+--------+--------+--------+--------+-----+--------+

Top non-repeatable levels by time:
     D:4: 1322 daAuts
     D:1: 1079 daAuts
     D:2: 919 daAuts
     D:3: 869 daAuts
     D:5: 358 daAuts
  Temple: 1 daAuts
